 Dungeon Crawl Stone Soup version 0.23.2-30-g0e89c35649 (webtiles) character file.

Game seed: 12800183201220869325

175 cab the Digger (level 5, 0/28 HPs)
             Began as a Gargoyle Earth Elementalist on June 7, 2019.
             Slain by a scorpion (2 damage)
             ... on level 4 of the Dungeon.
             The game lasted 00:14:24 (5198 turns).

cab the Digger (Gargoyle Earth Elementalist)        Turns: 5198, Time: 00:14:25

Health: 0/28       AC:  6    Str: 12    XL:     5   Next: 55%
Magic:  2/8        EV: 12    Int: 16    God:
Gold:   171        SH:  0    Dex: 10    Spells: 4/8 levels left

rFire    . . .     SeeInvis .   e - +0 club
rCold    . . .     Gourm    .   (no shield)
rNeg     + . .     Faith    .   c - +0 robe
rPois    ∞         Spirit   .   (no helmet)
rElec    +         Reflect  .   (no cloak)
rCorr    .         Harm     .   (no gloves)
MR       .....                  (no boots)
Stlth    ++........             (no amulet)
HPRegen  0.09/turn              (no ring)
MPRegen  0.11/turn              (no ring)

@: no status effects
A: negative energy resistance 1, electricity resistance, unbreathing,
petrification resistance, rot immunity, AC +4
a: no special abilities


You were on level 4 of the Dungeon.
You were not hungry.

You visited 1 branch of the dungeon, and saw 4 of its levels.

You collected 171 gold pieces.

Inventory:

Hand Weapons
 e - a +0 club (weapon)
 h - a +0 whip
 w - a +0 whip
Missiles
 b - 3 stones (quivered)
 k - 36 sling bullets
 x - 9 arrows
Armour
 c - a +0 robe (worn)
 l - a cursed +0 pair of gloves
 z - a +0 leather armour
Scrolls
 f - 6 scrolls of identify {unknown}
 g - 2 scrolls of teleportation {unknown}
 m - 2 scrolls of enchant armour {unknown}
 o - a scroll of fog {unknown}
 p - 3 scrolls of remove curse {unknown}
 q - a scroll of amnesia {unknown}
 t - 3 scrolls of fear {unknown}
 u - a scroll of immolation {unknown}
 y - a scroll of enchant weapon {unknown}
Potions
 a - a potion of brilliance {unknown}
 i - a potion of cancellation {unknown}
 j - 2 potions of invisibility {unknown}
 n - a potion of ambrosia {unknown}
 r - a potion of curing {unknown}
 s - 3 potions of haste
 v - a potion of degeneration {unknown}
 A - a potion of flight {unknown}
Comestibles
 d - 3 rations


   Skills:
 - Level 1.5 Dodging
 - Level 2.1 Stealth
 - Level 2.0 Spellcasting
 + Level 3.1 Conjurations
   Level 0.7 Transmutations
 + Level 6.2 Earth Magic


You had 4 spell levels left.
You knew the following spells:

 Your Spells              Type           Power        Failure   Level  Hunger
a - Sandblast             Erth           ###...       1%          1    #......
b - Stone Arrow           Conj/Erth      ###...       9%          3    ###....

Your spell library contained the following spells:

 Spells                   Type           Power        Failure   Level  Hunger
 Passwall                 Tmut/Erth      ##......     8%          2    ###....
 Petrify                  Tmut/Erth      ##......     45%         4    #####..
 Lee's Rapid Deconstruct  Erth           ###.......   41%         5    ######.


Dungeon Overview and Level Annotations

Branches:
Dungeon (4/15)
 Temple: D:4-7

Altars:
Nemelex Xobeh


Innate Abilities, Weirdness & Mutations

You are resistant to torment.
Your stone body is resilient. (AC +4)
You are immune to poison.
You resist negative energy. (rN+)
You are resistant to electric shocks. (rElec)
You can survive without breathing.
You are immune to petrification.
You are immune to rotting.


Message History

The scorpion closely misses you. x2
Casting: Stone Arrow (safe; 9% risk of failure)
Confirm with . or Enter, or press ? or * to list all spells.
Aiming: Sandblast (safe; 1% risk of failure)
Press: ? - help, Shift-Dir - straight line, f/p - scorpion
Aim: a scorpion (moderately wounded)
The blast of sand hits the scorpion!
The scorpion is severely wounded.
b - 4 stones The scorpion stings you but does no damage.
Casting: Sandblast (safe; 1% risk of failure)
Confirm with . or Enter, or press ? or * to list all spells.
Aiming: Sandblast (safe; 1% risk of failure)
Press: ? - help, Shift-Dir - straight line, f/p - scorpion
Aim: a scorpion (severely wounded)
The blast of sand hits the scorpion.
The scorpion is almost dead.
b - 3 stones The scorpion stings you.
You die...

######### #..s@...#
######## #.......###
#......# #.#####...#
#.####.#
#.##......####.####.#
#.##.##..........##.#
#.##.##.######.#.....
#.......# #.####.#
####.#### #......#
#.# ########


You could see a scorpion.

Vanquished Creatures
  Ijyb (D:4)
  A worker ant (D:4)
  6 adders
  2 dart slugs
  3 leopard geckos
  6 orcs
  5 giant cockroaches
  8 goblins
  5 hobgoblins
  6 kobolds
  A ball python (D:2)
  8 bats
  8 frilled lizards
  5 rats
65 creatures vanquished.

Notes
Turn   | Place    | Note
-------+----------+-------------------------------------------
     0 | D:1      | cab the Gargoyle Earth Elementalist began the quest for the
                  | Orb.
     0 | D:1      | Reached XP level 1. HP: 10/10 MP: 3/3
   113 | D:1      | Reached skill level 4 in Earth Magic
   183 | D:1      | Reached XP level 2. HP: 12/15 MP: 5/5
  1333 | D:2      | Reached XP level 3. HP: 16/19 MP: 2/6
  1338 | D:2      | Learned a level 3 spell: Stone Arrow
  1435 | D:2      | Reached skill level 5 in Earth Magic
  1560 | D:2      | Reached skill level 1 in Conjurations
  2219 | D:2      | Reached XP level 4. HP: 4/24 MP: 0/7
  4053 | D:4      | Reached skill level 6 in Earth Magic
  4053 | D:4      | Reached XP level 5. HP: 10/28 MP: 4/8
  4324 | D:4      | Found a sparkling altar of Nemelex Xobeh.
  4433 | D:4      | Noticed Ijyb
  4439 | D:4      | Paralysed by Ijyb for 5 turns
  4452 | D:4      | Paralysed by Ijyb for 7 turns
  4467 | D:4      | Paralysed by Ijyb for 6 turns
  4486 | D:4      | Killed Ijyb
  4861 | D:4      | HP: 1/28 [scorpion (7)]
  4879 | D:4      | HP: 1/28 [scorpion (2)]
  5193 | D:4      | HP: 1/28 [scorpion (4)]
  5198 | D:4      | Slain by a scorpion

Skill      XL: |  1  2  3  4  5 |
---------------+----------------+-----
Earth Magic    | 4 5 6 |  6.2
Conjurations   | 1 2 3 |  3.1
Dodging        | |  1.5
Stealth        | |  2.1
Spellcasting   | |  2.0
Transmutations | |  0.7

Action                   |  1- 3 |  4- 6 || total
-------------------------+-------+-------++-------
Melee: Club              |   123 |   168 ||   291
       Unarmed           |     5 |       ||     5
 Cast: Sandblast         |    23 |     5 ||    28
       Stone Arrow       |     2 |    21 ||    23
 Stab: Sleeping          |     3 |     4 ||     7
  Eat: Chunk             |     4 |    11 ||    15
       Ration            |       |     1 ||     1
Armor: Robe              |    67 |    65 ||   132
Dodge: Dodged            |   107 |   125 ||   232
